Map: Simulacrum LE

Players

JohnnyV

  • Race: Terran Terran
  • League: Bronze
  • Spawn Location: 5:00

Jasul - Winner!

  • Race: Terran Terran
  • Spawn Location: 11:00

VOD

Have the link to the VOD?

Description

Time

  • Played on: April 30, 2020, 2:12 p.m.
  • Length: 11:40
Show
View Real Time Build Order
Export as new Build Order

JohnnyV Terran 

Build Orders:  

Get SALT Encoding   

  12  0:01  SCV  
  13  0:17  SCV, Supply Depot  
  14  0:29  SCV  
  15  0:41  SCV  
  16  0:45  Barracks  
  16  0:53  SCV  
  17  0:57  Refinery  
  17  1:05  SCV, Refinery  
  18  1:17  SCV  
  19  1:29  SCV  
  20  1:41  Reaper  
  22  1:48  Orbital Command  
  20  2:07  Factory  
  20  2:19  Supply Depot  
  20  2:27  Barracks Tech Lab  
  20  2:35  SCV  
  21  2:44  Ghost Academy  
  21  2:47  SCV  
  22  2:51  Marine  
  22  2:55  Widow Mine  
  25  2:59  SCV  
  26  3:11  Marine  
  26  3:43  Barracks Reactor  
  26  3:44  Siege Tank  
  29  3:52  Personal Cloaking  
  29  3:53  Starport  
  29  4:10  Supply Depot  
  29  4:21  Marine x2  
  31  4:31  Supply Depot, Siege Tank  
  31  4:34  SCV  
  35  4:43  Starport Tech Lab  
  35  4:50  Marine x2  
  37  5:00  Command Center  
  37  5:12  Bunker  
  37  5:13  Engineering Bay  
  37  5:15  SCV  
  38  5:23  Marine x2  
  38  5:24  Siege Tank  
  38  5:27  SCV, Refinery  
  44  5:28  Refinery  
  44  5:34  Nuke  
  44  5:42  Supply Depot  
  44  5:43  Raven, Barracks  
  46  6:07  Supply Depot  
  46  6:20  Enhanced Shockwaves  
  46  6:24  Marine x2  
  48  6:38  Cloaking Field  
  48  6:40  Barracks Tech Lab  
  48  6:46  Missile Turret  
  48  6:56  Orbital Command  
  48  7:03  SCV  
  48  7:07  Marine, Missile Turret  
  50  7:09  Marine  
  50  7:12  Sensor Tower  
  51  7:15  SCV  
  51  7:21  Ghost  
  54  7:25  Siege Tank  
  54  7:28  SCV  
  58  7:30  Missile Turret  
  58  7:49  Missile Turret  
  58  8:21  Terran Infantry Armor Level 1  
  58  8:24  SCV x2  
  60  8:29  Supply Depot  
  60  8:36  SCV  
  60  8:37  Missile Turret  
  60  8:38  Missile Turret  
  60  8:39  Missile Turret  
  60  8:41  SCV  
  60  8:48  SCV  
  60  8:49  Ghost  
  60  8:51  Combat Shield  
  60  8:54  Marine x2  
  65  8:56  Raven  
  65  8:59  Missile Turret  
  67  9:19  Ghost  
  69  9:35  Ghost Academy  
  69  10:00  Command Center  
  69  10:03  Marine x3, Refinery  
  69  10:04  Refinery  
  69  10:06  Medivac  
  74  10:21  Marine  
  75  10:36  Marine x2  
  57  11:05  Marine x3  
Show
View Real Time Build Order
Export as new Build Order

Jasul Terran - Winner!

Build Orders:  

Get SALT Encoding   

  12  0:01  SCV  
  13  0:15  Supply Depot  
  13  0:19  SCV  
  14  0:31  SCV  
  15  0:40  Barracks  
  15  0:43  SCV  
  16  0:52  Supply Depot  
  16  0:55  SCV  
  17  1:01  Refinery  
  17  1:07  SCV  
  18  1:20  SCV  
  19  1:26  Marine  
  19  1:32  Orbital Command  
  20  1:53  Marine  
  21  2:05  Engineering Bay  
  21  2:07  SCV  
  22  2:12  Refinery  
  22  2:16  Barracks Reactor  
  22  2:24  SCV  
  22  2:27  Ghost Academy  
  22  2:29  Factory  
  23  2:36  SCV  
  24  2:41  Command Center  
  24  2:48  SCV  
  25  3:03  Marine x2  
  26  3:18  SCV  
  26  3:37  Barracks Tech Lab  
  26  3:44  Terran Infantry Weapons Level 1  
  26  3:45  SCV  
  27  3:48  Bunker  
  27  3:55  Starport  
  27  3:57  SCV  
  35  4:02  Stimpack  
  28  4:04  Hellion  
  28  4:05  Hellion  
  28  4:09  SCV  
  33  4:11  Armory  
  33  4:16  Factory  
  33  4:21  SCV  
  33  4:23  Orbital Command  
  34  4:27  Supply Depot  
  34  4:35  Starport Tech Lab  
  34  4:38  SCV  
  34  4:41  Supply Depot  
  35  4:46  Hellion  
  35  4:47  Hellion  
  39  4:54  SCV  
  39  4:55  SCV  
  41  5:01  Refinery  
  41  5:23  Missile Turret  
  41  5:25  Factory Tech Lab  
  41  5:26  SCV  
  41  5:27  SCV  
  41  5:28  Terran Vehicle Weapons Level 1  
  43  5:32  Supply Depot  
  43  5:33  Medivac  
  43  5:34  Medivac  
  47  5:38  SCV  
  47  5:39  Refinery  
  47  5:42  Combat Shield, Marine  
  49  5:47  Barracks  
  47  6:03  Siege Tank  
  44  6:11  SCV  
  45  6:18  Supply Depot  
  45  6:22  Siege Tank  
  45  6:23  SCV  
  49  6:31  Marauder  
  51  6:33  Terran Infantry Armor Level 1  
  51  6:38  Engineering Bay  
  51  6:45  Barracks  
  51  6:52  Barracks Reactor  
  51  6:54  SCV  
  52  6:56  SCV  
  53  7:02  Supply Depot  
  53  7:06  SCV  
  53  7:08  SCV  
  55  7:12  Missile Turret  
  55  7:18  SCV  
  56  7:26  Siege Tank  
  56  7:27  Siege Tank  
  56  7:29  Supply Depot  
  62  7:30  Cloaking Field  
  62  7:31  Banshee  
  62  7:32  Missile Turret  
  65  7:39  Barracks Reactor  
  65  7:42  Armory  
  64  7:44  Supply Depot  
  64  7:46  Missile Turret  
  58  7:54  SCV, Missile Turret, Supply Depot  
  56  8:06  SCV  
  56  8:10  Marine x4  
  61  8:15  Cyclone  
  61  8:18  SCV  
  65  8:24  Missile Turret  
  65  8:25  SCV  
  66  8:28  Marine x4  
  66  8:30  SCV  
  71  8:42  SCV  
  71  8:47  Banshee  
  72  8:50  Marine x4  
  72  8:51  Marine x2  
  72  8:54  SCV  
  72  8:55  Siege Tank  
  82  8:59  Missile Turret  
  82  9:07  SCV  
  82  9:11  Terran Infantry Weapons Level 2  
  82  9:12  Terran Infantry Armor Level 2  
  80  9:22  Terran Vehicle And Ship Armor Level 1  
  80  9:23  Terran Vehicle Weapons Level 2  
  80  9:25  Marine x2  
  80  9:28  SCV  
  83  9:33  Supply Depot  
  83  9:50  Cyclone x2  
  89  9:54  Marine x4  
  93  10:14  Missile Turret  
Tags
 
League
Bronze
Matchup
TvT
Race
Terran
Spawn Locations
Cross Positions
Add a new tag
Caveats
  • Supply blocks, unpowered buildings, or Contaminate may cause inaccurate times.
  • Supply counts are checked every 10 seconds.